 Dungeon Sprint DCSS version 0.20-a0-4-gd166d5d (webtiles) character file.

278497 packetloss the Brawler (level 12, 130/130 HPs)
             Began as a Troll Hunter on Oct 31, 2016.
             Was a High Priest of Trog.
             Escaped with the Orb!
             The game lasted 00:31:06 (3994 turns).

packetloss the Brawler (Troll Hunter)               Turns: 3994, Time: 00:31:06

Health: 130/130    AC:  8    Str: 25    XL:     12   Next: 81%
Magic:  19/19      EV: 15    Int:  7    God:    Trog [*****.]
Gold:   363        SH:  0    Dex: 10    Spells: 0 memorised, 11 levels left

rFire  . . .     SeeInvis +       - Unarmed
rCold  . . .     Gourm    +     n - +3 robe of Clouds {+Fly rElec}
rNeg   . . .     Faith    .     (no shield)
rPois  .         Spirit   .     (helmet restricted)
rElec  +         Reflect  .     (no cloak)
rCorr  .         Harm     .     (gloves unavailable)
MR     +....     NoTele   +     (boots unavailable)
Stlth  +.........               (no amulet)
                                D - ring of see invisible {sInv, !d}
                                r - ring of protection from magic {MR+, !d}

@: no status effects
A: unfitting armour, claws 3, clumsy 1, fast metabolism 3, gourmand,
regeneration 1, shaggy fur 1, tough skin 2
a: Berserk, Trog's Hand, Brothers in Arms, Burn Spellbooks, Renounce Religion,
Evoke Flight
0: Orb of Zot


You escaped.
You worshipped Trog.
Trog was extremely pleased with you.
You were not hungry.

You visited 1 branch You collected 2428 gold pieces.
You spent 2065 gold pieces at shops.

Inventory:

Hand Weapons
 h - a +2 glaive of venom
   (You took it off Tiamat in the Dungeon)
 s - a +4 longbow
   (Trog gifted it to you in the Dungeon)
 u - a +2 blowgun
   (You took it off Sonja in the Dungeon)
 w - a +4 dire flail of protection
   (Trog gifted it to you in the Dungeon)
 x - a +5 antimagic lajatang
   (Trog gifted it to you in the Dungeon)
 y - a +2 antimagic great mace
   (Trog gifted it to you in the Dungeon)
 B - a +8 antimagic giant spiked club
   (Trog gifted it to you in the Dungeon)
Missiles
 c - 6 large rocks (quivered) {!d}
 d - 2 throwing nets {=f, !d}
 g - 8 exploding tomahawks
 t - 3 needles of sleeping
 v - 9 curare-tipped needles
 C - 7 silver javelins
 G - 3 javelins of penetration
Armour
 e - the +4 dragonskin cloak
   (You took it off Tiamat in the Dungeon)
 n - the +3 robe of Clouds (worn) {+Fly rElec}
   (You bought it in a shop in the Dungeon)

   It insulates you from electricity.
   It lets you fly.
Rods
 b - a +0 rod of shadows (12/12)
   (You bought it in a shop in the Dungeon)
Jewellery
 r - a ring of protection from magic (left claw) {MR+, !d}
   (You found it in the Dungeon)
 D - a ring of see invisible (right claw) {sInv, !d}
   (You bought it in a shop in the Dungeon)
Wands
 a - a wand of iceblast (8/15)
   (You found it in the Dungeon)
 l - a wand of hasting (1/9)
   (You took it off Ijyb in the Dungeon)
 H - a wand of disintegration (4/24)
   (You found it in the Dungeon)
Scrolls
 k - a scroll of blinking {!r}
 m - 3 scrolls of identify {unknown}
 o - a scroll of remove curse {unknown}
 p - a scroll of recharging {unknown}
 q - 4 scrolls of enchant weapon {unknown}
Potions
 f - a potion of heal wounds
 i - 2 potions of magic
 j - a potion of berserk rage {!q}
 z - a potion of cancellation {unknown}
Miscellaneous
 E - a phial of floods
   (You bought it in a shop in the Dungeon)
Comestibles
 A - a fruit
 F - a bread ration {@e1}


   Skills:
 + Level 11.6 Fighting
 + Level 13.7 Throwing
 + Level 11.5 Dodging
 - Level 0.3 Stealth
 * Level 18.7 Unarmed Combat
 + Level 11.0 Evocations


You had 11 spell levels left.
You didn't know any spells.

Dungeon Overview and Level Annotations

Branches:
Dungeon (1/1)

Altars:
Cheibriados
Dithmenos
Elyvilon
Fedhas
Gozag
Hepliaklqana
Kikubaaqudgha
Makhleb
Nemelex Xobeh
Okawaru
Qazlal
Ru
Sif Muna
Trog
Uskayaw
Vehumet
Xom
Yredelemnul
Zin
The Shining One
Jiyva
Lugonu

Shops:
D !**}*!!%(:}%!?[[[


Innate Abilities, Weirdness & Mutations

You are too large for most types of armour.
You have claws for hands.
Your metabolism is lightning-fast.
You like to eat raw meat.
Your natural rate of healing is unusually fast.
You are covered in fur. (AC +1)
You have very tough skin. (AC +2)
You are clumsy. (Dex -2)


Message History

You see here a glaive of venom.
Eating one of 3 chunks of flesh {@w0}.
You start eating one of the 3 chunks of flesh {@w0}.
The rain has left you waist-deep in water!
Splash!
You fall into the shallow water.
Moving in this stuff is going to be slow.
This raw flesh tastes great.
Eating one of 2 chunks of flesh {@w0}.
You start eating one of the 2 chunks of flesh {@w0}.
This raw flesh tastes great.
Eating a chunk of flesh {@w0}.
You start eating the chunk of flesh {@w0}.
You feel yourself slow down.
This raw flesh tastes great.
Okay, then.
h - a glaive of venom The rain has left you waist-deep in water!
Splash!
You fall into the shallow water.
Moving in this stuff is going to be slow.
The grate screeches as it bends and collapses.
Evoking this partially-identified wand wasted a few charges.
Your cyclops dissolves into shadows!
You feel very buoyant.
You fly up into the air.
You feel somewhat more hungry.
You now have 18/19 mp.
Your stone giant rages.
You swap places.
You start resting.
Your stone giant is no longer berserk.
Your stone giant disappears in a puff of smoke!
You are starting to lose your buoyancy.
You regained 13 hp, and now have 62/130 hp.
MP restored: 19 You start resting.
You float gracefully downwards.
You regained 3 hp, and now have 66/130 hp.
You start resting.
Your magical contamination has completely faded away.
You regained 5 hp, and now have 71/130 hp.
You start resting.
You regained 33 hp, and now have 104/130 hp.
You start resting.
Health restored: 130 You feel very buoyant.
You fly up into the air.
You feel somewhat more hungry.
You now have 18/19 mp.
You see here the Orb of Zot.
You pick up the Orb of Zot!
The Orb lets out a hideous shriek!
The lords of Pandemonium are not amused.
Beware!
Now all you have to do is get back out of the dungeon!
MP restored: 19 A ynoxinul comes into view.
Spoiler Alert: The ynoxinul can cast Iron Shot!
You mangle the ynoxinul!! You mangle the ynoxinul!!
You kill the ynoxinul!
Trog accepts your kill.
You are starting to lose your buoyancy.
There is an open door here.
You float gracefully downwards.
You see here a glowing shortbow {god gift}.
A green death comes into view.
Your rod of shadows has recharged.
The daeva shouts!
Spoiler Alert: The daeva can smite you!
The daeva calls down the wrath of the Shining One upon you.
The Shining One smites you!
You take 14 damage, and have 116/130 hp.
The daeva calls down the wrath of the Shining One upon you.
The Shining One smites you!
You take 16 damage, and have 102/130 hp.
A green death opens the door.
There is an open door, spattered with blood here.
You see here a great sword of flaming.
You see here a great sword of flaming.
There is an open door, spattered with blood here.
There is an open door here.
You see here a mace.
Really walk into a travel-excluded area? [Y]es or [N]o only, please.
Really walk into a travel-excluded area?
Okay, then.
There is an open door here.
Things that are here:
a dagger; a robe
There is an open door, spattered with blood here.
There is an open door here.
There is an open door here.
There is an open door here.
There is an open door here.
Things that are here:
a scythe; a robe
There is an open door here.
You see here a giant club.
You see here a club.
There is an open door, spattered with blood here.
There is a staircase leading out of the dungeon here.
You have escaped!

###########
#@.#.)'..#.
#..').#..).
#.§#####'##
#..####..#.
#..#__####.
#..#_____##
#⌠⌠#_.∩[..'
####_..__##


There were no monsters in sight!

Vanquished Creatures
  3 fire giants (D)
  A deep elf annihilator (D)
  A mummy priest (D)
  2 centaur warriors (D)
  Sonja (D)
  7 unseen horrors (D)
  A deep troll (D)
  A lindwurm (D)
  2 oklob plants (D)
  2 sirens (D)
  A gargoyle (D)
  2 kobold demonologists (D)
  4 demonic crawlers (D)
  A hellwing (D)
  5 hornets (D)
  A slime creature (D)
  Sigmund (D)
  2 redbacks (D)
  A ynoxinul (D)
  A yak (D)
  13 hogs (D)
  3 floating eyes (D)
  An ogre (D)
  7 necrophages (D)
  8 jellies (D)
  Ijyb (D)
  A ballistomycete (D)
74 creatures vanquished.

Vanquished Creatures (collateral kills)
  Tiamat (D)
  A fire giant (D)
  A hydra (D)
  A floating eye (D)
4 creatures vanquished.

Vanquished Creatures (others)
  A gargoyle (D)
  2 ballistomycete spores (D)
3 creatures vanquished.

Grand Total: 81 creatures vanquished

Notes
Turn   | Place    | Note
-------+----------+-------------------------------------------
     0 | D        | packetloss the Troll Hunter began the quest for the Orb.
     0 | D        | Reached XP level 1. HP: 19/19 MP: 0/0
     2 | D        | Noticed Ijyb
    22 | D        | Killed Ijyb
    22 | D        | Reached skill level 5 in Throwing
    22 | D        | Reached skill level 3 in Unarmed Combat
    22 | D        | Reached XP level 2. HP: 23/27 MP: 1/1
    35 | D        | Noticed an ogre
    37 | D        | Killed an ogre
    37 | D        | Reached skill level 6 in Throwing
    37 | D        | Reached skill level 5 in Unarmed Combat
    37 | D        | Reached skill level 2 in Evocations
    37 | D        | Reached XP level 3. HP: 33/33 MP: 1/4
    37 | D        | Reached XP level 4. HP: 41/41 MP: 1/5
    58 | D        | Noticed Sigmund
    74 | D        | HP: 3/41 [something (12)]
    77 | D        | Killed Sigmund
    77 | D        | Reached skill level 3 in Fighting
    77 | D        | Reached skill level 7 in Throwing
    77 | D        | Reached skill level 3 in Dodging
    77 | D        | Reached skill level 7 in Unarmed Combat
    77 | D        | Reached skill level 3 in Evocations
    77 | D        | Reached XP level 5. HP: 4/53 MP: 4/6
    77 | D        | Reached XP level 6. HP: 5/61 MP: 4/7
   170 | D        | Found a deep blue altar of Sif Muna.
   172 | D        | Found a radiant altar of Vehumet.
   182 | D        | Reached skill level 4 in Evocations
   257 | D        | Found Satzemm's General Store.
   257 | D        | Found an ancient bone altar of Kikubaaqudgha.
   257 | D        | Found a hazy altar of Hepliaklqana.
   257 | D        | Found a stormy altar of Qazlal.
   257 | D        | Found a hide-covered altar of Uskayaw.
   257 | D        | Found a blossoming altar of Fedhas.
   257 | D        | Found a bloodstained altar of Trog.
   257 | D        | Found an iron altar of Okawaru.
   257 | D        | Found a basalt altar of Yredelemnul.
   257 | D        | Found a glowing golden altar of the Shining One.
   257 | D        | Found a snail-covered altar of Cheibriados.
   257 | D        | Found a sacrificial altar of Ru.
   257 | D        | Found a glowing silver altar of Zin.
   257 | D        | Found a shadowy altar of Dithmenos.
   257 | D        | Found a white marble altar of Elyvilon.
   257 | D        | Noticed a yak
   260 | D        | Killed a yak
   260 | D        | Reached skill level 4 in Fighting
   260 | D        | Reached skill level 4 in Dodging
   260 | D        | Reached skill level 8 in Unarmed Combat
   261 | D        | Found an opulent altar of Gozag.
   262 | D        | Found a sparkling altar of Nemelex Xobeh.
   267 | D        | Bought the +3 robe of Clouds {+Fly rElec} for 318 gold pieces
   280 | D        | Became a worshipper of Trog the Wrathful
   293 | D        | Found a burning altar of Makhleb.
   293 | D        | Found a viscous altar of Jiyva.
   293 | D        | Found a shimmering altar of Xom.
   293 | D        | Found a corrupted altar of Lugonu.
   293 | D        | Noticed a slime creature
   299 | D        | Killed a slime creature
   299 | D        | Reached skill level 8 in Throwing
   299 | D        | Reached skill level 9 in Unarmed Combat
   299 | D        | Reached XP level 7. HP: 38/71 MP: 9/9
   366 | D        | Noticed a kobold demonologist
   367 | D        | Noticed a kobold demonologist
   368 | D        | Reached skill level 5 in Evocations
   371 | D        | Noticed a chaos spawn
   373 | D        | Killed a kobold demonologist
   373 | D        | Reached * piety under Trog
   373 | D        | Reached skill level 5 in Fighting
   373 | D        | Reached skill level 5 in Dodging
   373 | D        | Reached skill level 10 in Unarmed Combat
   378 | D        | Killed a kobold demonologist
   378 | D        | Reached ** piety under Trog
   378 | D        | Reached XP level 8. HP: 62/81 MP: 2/11
   436 | D        | Noticed Sonja
   439 | D        | Killed Sonja
   439 | D        | Reached skill level 6 in Fighting
   439 | D        | Reached skill level 9 in Throwing
   439 | D        | Reached skill level 6 in Dodging
   439 | D        | Reached skill level 11 in Unarmed Combat
   439 | D        | Reached skill level 6 in Evocations
   537 | D        | Found Bareps's Distillery.
   557 | D        | Noticed a deep troll
   562 | D        | Killed a deep troll
   562 | D        | Reached skill level 12 in Unarmed Combat
   562 | D        | Reached XP level 9. HP: 48/92 MP: 12/12
   575 | D        | Found Dabon's Armour Emporium.
   633 | D        | Noticed a centaur warrior
   636 | D        | HP: 23/92 [centaur warrior/arrow (25)]
   641 | D        | HP: 17/138 [centaur warrior (14)]
   642 | D        | Killed a centaur warrior
   642 | D        | Reached skill level 7 in Fighting
   642 | D        | Reached skill level 10 in Throwing
   642 | D        | Reached skill level 7 in Dodging
   642 | D        | Reached skill level 7 in Evocations
   755 | D        | Reached *** piety under Trog
   758 | D        | Noticed an oklob plant
   818 | D        | Killed an oklob plant
   818 | D        | Reached skill level 13 in Unarmed Combat
   873 | D        | HP: 23/94 [poisoned by a redback]
   878 | D        | HP: 19/94 [poisoned by a redback]
   883 | D        | HP: 16/94 [poisoned by a redback]
   888 | D        | HP: 16/94 [poisoned by a redback]
   893 | D        | HP: 16/94 [poisoned by a redback]
   898 | D        | HP: 17/94 [poisoned by a redback]
   903 | D        | Killed a gargoyle
   905 | D        | HP: 20/94 [poisoned by a redback]
   913 | D        | HP: 23/94 [poisoned by a redback]
  1047 | D        | Paralysed by a floating eye for 2 turns
  1053 | D        | Reached **** piety under Trog
  1053 | D        | Reached XP level 10. HP: 104/104 MP: 14/14
  1094 | D        | Killed an unseen horror
  1094 | D        | Reached skill level 8 in Fighting
  1097 | D        | HP: 24/104 [something (3)]
  1103 | D        | HP: 26/104 [something (6)]
  1105 | D        | Killed an unseen horror
  1105 | D        | Reached skill level 8 in Dodging
  1105 | D        | Reached skill level 14 in Unarmed Combat
  1208 | D        | Received a gift from Trog
  1222 | D        | Reached ***** piety under Trog
  1249 | D        | Reached skill level 8 in Evocations
  1313 | D        | Received a gift from Trog
  1347 | D        | Received a gift from Trog
  1366 | D        | Found Kauluit's Magic Scroll Boutique.
  1366 | D        | Found Lyowkonk's Antique Armour Emporium.
  1369 | D        | Reached skill level 11 in Throwing
  1376 | D        | Found Edesitz's Armour Emporium.
  1390 | D        | Found Hujur's Gadget Shoppe.
  1390 | D        | Found Cauladat's General Store.
  1390 | D        | Found Toacyth's General Store.
  1392 | D        | Found Egrir's Distillery.
  1392 | D        | Found Futhumet's Distillery.
  1392 | D        | Found Qotysch's Food Shoppe.
  1392 | D        | Found Nacsek's Antique Weapon Boutique.
  1392 | D        | Found Jygacs's Book Emporium.
  1392 | D        | Found Yruc's Gadget Shop.
  1392 | D        | Found Feuquet's Food Shoppe.
  1393 | D        | Found Qyamnoemig's Distillery.
  1485 | D        | Bought a +0 rod of shadows (12/12) for 850 gold pieces
  1560 | D        | Received a gift from Trog
  1563 | D        | HP: 30/157 [demonic crawler (10)]
  1567 | D        | Reached ****** piety under Trog
  1709 | D        | Noticed a lindwurm
  1718 | D        | Killed a lindwurm
  1718 | D        | Received a gift from Trog
  1718 | D        | Reached skill level 9 in Fighting
  1718 | D        | Reached skill level 15 in Unarmed Combat
  1812 | D        | Received a gift from Trog
  1819 | D        | Reached skill level 9 in Dodging
  1820 | D        | Reached XP level 11. HP: 97/114 MP: 16/16
  1831 | D        | Received a gift from Trog
  1876 | D        | Reached skill level 9 in Evocations
  1937 | D        | Noticed a 12-headed hydra
  1946 | D        | Killed a 12-headed hydra
  2147 | D        | HP: 25/114 [something (8)]
  2149 | D        | HP: 6/114 [something (14)]
  2521 | D        | Noticed a deep elf annihilator
  2534 | D        | Received a gift from Trog
  2552 | D        | Reached skill level 12 in Throwing
  2552 | D        | Reached skill level 16 in Unarmed Combat
  2576 | D        | Killed a deep elf annihilator
  2621 | D        | Received a gift from Trog
  2637 | D        | Reached skill level 10 in Fighting
  2699 | D        | Noticed a mummy priest
  2707 | D        | Killed a mummy priest
  2707 | D        | Reached skill level 10 in Dodging
  2800 | D        | Noticed an oklob plant
  2877 | D        | Killed an oklob plant
  2985 | D        | Bought a scroll of blinking for 82 gold pieces
  2994 | D        | Bought a scroll of blinking for 97 gold pieces
  3030 | D        | Bought an uncursed ring of see invisible for 150 gold pieces
  3080 | D        | Bought a phial of floods for 400 gold pieces
  3113 | D        | Noticed a centaur warrior
  3119 | D        | Killed a centaur warrior
  3148 | D        | Noticed a shining eye
  3148 | D        | Noticed a shining eye
  3148 | D        | Gained mutation: You are clumsy. (Dex -2) [a shining eye]
  3149 | D        | Noticed a shining eye
  3173 | D        | Bought a potion of might for 48 gold pieces
  3173 | D        | Bought a potion of haste for 120 gold pieces
  3217 | D        | Noticed a daeva
  3220 | D        | Noticed an unseen horror
  3220 | D        | Noticed an unseen horror
  3220 | D        | Noticed an unseen horror
  3223 | D        | Noticed an unseen horror
  3226 | D        | Killed an unseen horror
  3226 | D        | Received a gift from Trog
  3227 | D        | HP: 29/118 [unseen horror (2)]
  3231 | D        | Noticed an unseen horror
  3232 | D        | Killed an unseen horror
  3232 | D        | Reached skill level 17 in Unarmed Combat
  3232 | D        | Reached skill level 10 in Evocations
  3232 | D        | HP: 23/177 [unseen horror (3)]
  3236 | D        | Killed an unseen horror
  3236 | D        | Received a gift from Trog
  3236 | D        | Reached XP level 12. HP: 26/126 MP: 18/18
  3239 | D        | HP: 26/190 [unseen horror (4)]
  3244 | D        | HP: 18/190 [unseen horror (10)]
  3380 | D        | Noticed a fire giant
  3382 | D        | Noticed a fire giant
  3382 | D        | Noticed a fire giant
  3382 | D        | Noticed a fire giant
  3382 | D        | HP: 24/127 [fire giant/bolt of fire (62)]
  3385 | D        | HP: 3/128 [fire giant/bolt of fire (38)]
  3401 | D        | HP: 28/128 [daeva/divine providence (13)]
  3421 | D        | HP: 33/192 [fire giant/great sword of flaming (19)]
  3422 | D        | Killed a fire giant
  3424 | D        | Killed a fire giant
  3424 | D        | Received a gift from Trog
  3424 | D        | Reached skill level 13 in Throwing
  3427 | D        | HP: 5/192 [fire giant/bolt of fire (27)]
  3429 | D        | Killed a fire giant
  3429 | D        | Received a gift from Trog
  3429 | D        | Reached skill level 11 in Fighting
  3624 | D        | Killed a fire giant
  3624 | D        | Reached skill level 11 in Dodging
  3624 | D        | Reached skill level 18 in Unarmed Combat
  3689 | D        | Noticed Tiamat
  3774 | D        | HP: 31/130 [burnt (4)]
  3774 | D        | Killed Tiamat
  3774 | D        | Reached skill level 11 in Evocations
  3926 | D        | Got the Orb of Zot
  3950 | D        | Noticed a green death
  3994 | D        | Escaped with the Orb!

Vault maps used:
D:        dungeon_sprint_1

Skill      XL: |  1  2  3  4  5  6  7  8  9 10 11 12 |
---------------+-------------------------------------+-----
Throwing       | 5 6 7 8 9 10 11 12 13 | 13.7
Unarmed Combat | 3 5 7 9 10 12 13 15 17 18 | 18.7
Evocations     | 2 3 4 5 6 7 8 10 11 | 11.0
Fighting       | 3 4 5 6 7 9 10 11 | 11.6
Dodging        | 3 4 5 6 7 9 10 11 | 11.5
Stealth        | |  0.3

Action                   |  1- 3 |  4- 6 |  7- 9 | 10-12 || total
-------------------------+-------+-------+-------+-------++-------
Melee: Short sword       |    19 |    17 |       |       ||    36
       Punch             |     1 |     3 |     1 |    13 ||    18
       Unarmed           |       |    12 |    33 |   172 ||   217
Throw: Large rock        |     3 |     5 |    10 |    22 ||    40
       Javelin           |       |       |       |     7 ||     7
Invok: Berserk           |       |       |     3 |     4 ||     7
       Trog's Hand       |       |       |     2 |     4 ||     6
       Brothers in Arms  |       |       |       |     3 ||     3
 Abil: Evoke Flight      |       |       |       |     5 ||     5
       Stop Flying       |       |       |       |     1 ||     1
Evoke: Rod               |       |       |       |     7 ||     7
       Wand              |       |       |       |     2 ||     2
  Use: Potion            |       |       |       |     7 ||     7
       Scroll            |       |       |       |     2 ||     2
 Stab: Distracted        |       |       |       |     2 ||     2
       Sleeping          |       |       |       |     1 ||     1
  Eat: Chunk             |       |     1 |    10 |    20 ||    31
       Bread ration      |       |       |     1 |     2 ||     3
       Royal jelly       |       |       |       |     1 ||     1
       Fruit             |       |       |       |     2 ||     2
Armor: Robe              |     7 |     4 |     4 |    56 ||    71
Dodge: Dodged            |    12 |     4 |    18 |    99 ||   133

Vault maps used:
D:        dungeon_sprint_1

Table legend:
 A = Turns spent in this place as a percentage of turns spent in the entire game.
 B = Non-inter-level travel turns spent in this place as a percentage of non-inter-level travel turns spent in the entire game.
 C = Inter-level travel turns spent in this place as a percentage of turns spent in this place.
 D = Turns resting spent in this place as a percentage of non-inter-level travel turns spent in this place.
 E = Turns spent auto-exploring this place as a percentage of non-inter-level travel turns spent in this place.
 F = Non-inter-level travel turns spent in this place divided by the number of levels of this place that you've seen.
                   A       B       C       D       E      F
               +-------+-------+-------+-------+-------+----------------------
         Total | 100.0 | 100.0 |   0.5 |   7.3 |   0.0 | 1998.0
       Dungeon | 100.0 | 100.0 |   0.5 |   7.3 |   0.0 | 1998.0
               +-------+-------+-------+-------+-------+----------------------

Table legend:
 A = Kills in this place as a percentage of kills in entire the game.
 B = Kills by you in this place as a percentage of kills by you in the entire game.
 C = Kills by friends in this place as a percentage of kills by friends in the entire game.
 D = Other kills in this place as a percentage of other kills in the entire game.
 E = Experience gained in this place as a percentage of experience gained in the entire game.
 F = Experience gained in this place divided by the number of levels of this place that you have seen.
                   A       B       C       D       E      F
               +-------+-------+-------+-------+-------+----------------------
         Total | 100.0 | 100.0 | 100.0 |  -nan | 100.0 | 34997.0
       Dungeon | 100.0 | 100.0 | 100.0 |  -nan | 100.0 | 34997.0
               +-------+-------+-------+-------+-------+----------------------
